 Dungeon Crawl Stone Soup version 0.21.1-1-g345015f (webtiles) character file.

95 Solrac the Covered (level 4, -4/40 HPs)
             Began as a Minotaur Fighter on Feb 16, 2018.
             Was an Initiate of the Shining One.
             Killed from afar by Solrac's ghost (5 damage)
             ... with a magic dart
             ... on level 3 of the Dungeon.
             The game lasted 00:12:50 (2579 turns).

Solrac the Covered (Minotaur Fighter)               Turns: 2579, Time: 00:12:51

Health: -4/40      AC:  7    Str: 20 (21) XL:     4   Next: 40%
Magic:  3/3        EV: 12    Int:  5      God:    the Shining One [......]
Gold:   108        SH: 10    Dex: 15      Spells: 3/3 levels left

rFire    . . .     SeeInvis .   g - +1 hand axe (elec)
rCold    . . .     Gourm    .   c - +0 shield
rNeg     . . .     Faith    .   b - +0 scale mail
rPois    .         Spirit   .   (helmet restricted)
rElec    .         Reflect  .   i - scarf {cloud immunity}
rCorr    .         Harm     .   (no gloves)
MR       .....                  (no boots)
Stlth    +.........             (no amulet)
HPRegen  0.13/turn              (no ring)
MPRegen  0.08/turn              (no ring)

@: agile, glowing
A: retaliatory headbutt, horns 2
a: Renounce Religion


You were on level 3 of the Dungeon.
You worshipped the Shining One.
The Shining One was noncommittal.
You were not hungry.

You visited 1 branch of the dungeon, and saw 3 of its levels.

You collected 108 gold pieces.

Inventory:

Hand Weapons
 a - a +0 long sword
 g - a +1 hand axe of electrocution (weapon)
Missiles
 e - 50 stones (quivered)
Armour
 b - a +0 scale mail (worn)
 c - a +0 shield (worn)
 i - a scarf of cloud immunity (worn)
Scrolls
 h - a scroll of remove curse
Potions
 d - a potion of might
 l - a potion of flight
Comestibles
 f - 4 rations


   Skills:
 + Level 4.2 Fighting
 + Level 2.8 Long Blades
 + Level 2.5 Axes
 + Level 0.2 Throwing
 + Level 4.4 Armour
 + Level 0.5 Dodging
 + Level 0.1 Stealth
 + Level 4.0 Shields


You had 3 spell levels left.
You didn't know any spells.

Dungeon Overview and Level Annotations

Branches:
Dungeon (3/15)

Altars:
Cheibriados
Fedhas
Okawaru
The Shining One

Annotations:
D:3 Solrac's ghost, weakling SpCj


Innate Abilities, Weirdness & Mutations

You reflexively headbutt those who attack you in melee.
You have a pair of horns on your head.


Message History

You feel agile all of a sudden.
Solrac's ghost hits you but does no damage.
Solrac's ghost gestures at you while chanting.
The magic dart hits you!
* * * LOW HITPOINT WARNING * * *
Solrac's ghost casts a spell at you. The magic dart hits you!
* * * LOW HITPOINT WARNING * * *
Solrac's ghost gestures at you while chanting.
The magic dart hits you! Solrac's ghost casts a spell at you.
The magic dart hits you! The Shining One protects you from harm!
You see here a dagger.
Solrac's ghost gestures at you while chanting.
The magic dart hits you!
* * * LOW HITPOINT WARNING * * *
Solrac's ghost casts a spell at you. The magic dart hits you!
You die...

#..!...>#.#....# #.# #####
#########...#.#....# #.# #....
............#...##.# #.# #.###
.#.......#.#<#.##.####.###.###
#.......#.#....÷W...........#
#.......#.#.#.###.###)###.#.#
#.......#.#.......# #.###.#.#
#.......#.###########.......#
#...........#...@......W......#.#
####......................###...#
#........#############.# #.#..
...#####.## #.# #.### #### #..
#.###.# .### #.....# #. #######
#. #.


You could see Solrac's ghost.

Vanquished Creatures
  A crimson imp (D:3)
  An adder (D:2)
  An ooze (D:1)
  A worm (D:2)
  A dart slug (D:1)
  A leopard gecko (D:2)
  5 giant cockroaches
  8 goblins
  2 hobgoblins (D:1)
  2 jackals (D:3)
  4 kobolds (D:1)
  A quokka (D:3)
  3 bats
  A frilled lizard (D:1)
  8 rats
  9 fungi (D:2)
  4 plants (D:2)
53 creatures vanquished.

Notes
Turn   | Place    | Note
-------+----------+-------------------------------------------
     0 | D:1      | Solrac the Minotaur Fighter began the quest for the Orb.
     0 | D:1      | Reached XP level 1. HP: 19/19 MP: 0/0
   407 | D:1      | Reached XP level 2. HP: 26/27 MP: 1/1
  1033 | D:1      | Reached skill level 1 in Axes
  1235 | D:2      | Reached XP level 3. HP: 33/33 MP: 2/2
  1460 | D:2      | Found a snail-covered altar of Cheibriados.
  1783 | D:2      | Found an iron altar of Okawaru.
  1968 | D:2      | Found a blossoming altar of Fedhas.
  2103 | D:2      | Found a glowing golden altar of the Shining One.
  2110 | D:2      | Became a worshipper of the Shining One
  2445 | D:3      | Reached XP level 4. HP: 40/40 MP: 3/3
  2543 | D:3      | Noticed Solrac's ghost (weakling SpCj)
  2562 | D:3      | HP: 2/40 [Solrac's ghost/magic dart (2)]
  2568 | D:3      | The Shining One protects you from harm!
  2576 | D:3      | HP: 1/40 [Solrac's ghost/magic dart (3)]
  2579 | D:3      | Killed from afar by Solrac's ghost

Skill      XL: |  1  2  3 |
---------------+----------+-----
Armour         | 4 |  4.4
Fighting       | 4 |  4.2
Axes           | 1 2 |  2.5
Shields        | 4 |  4.0
Long Blades    | |  2.8
Throwing       | |  0.2
Dodging        | |  0.5
Stealth        | |  0.1

Action                   |  1- 3 |  4- 6 || total
-------------------------+-------+-------++-------
Melee: Hand axe          |   116 |     6 ||   122
       Long sword        |     8 |       ||     8
       Headbutt          |    15 |     1 ||    16
Throw: Stone             |    10 |       ||    10
  Use: Scroll            |     4 |       ||     4
       Potion            |     4 |     1 ||     5
  Eat: Chunk             |     1 |     1 ||     2
       Ration            |     1 |       ||     1
Armor: Scale mail        |    47 |     3 ||    50
Dodge: Dodged            |    24 |     3 ||    27
Block: Shield            |    40 |     4 ||    44
       Rpst.: Long sword |     1 |       ||     1
